 Seeded DCSS version 0.29.1-12-g30fa7ad0bf (webtiles) character file.

Game seed: 7196415089472874889 (custom seed)

225 GigaChad the Chopper (level 5, 0/46 HPs)
             Began as a Minotaur Fighter on Dec 16, 2022.
             Was an Initiate of Trog.
             Succumbed to Crazy Yiuf's poison
             ... on level 4 of the Dungeon.
             The game lasted 00:05:07 (3229 turns).

GigaChad the Chopper (Minotaur Fighter)             Turns: 3229, Time: 00:05:07

Health: 0/46       AC: 10    Str: 28    XL:     5   Next: 68%
Magic:  4/4        EV:  9    Int: 11    God:    Trog [......]
Gold:   237        SH:  5    Dex: 14    Spells: 4/4 levels left

rFire   . . .      SeeInvis .   a - +0 war axe
rCold   . . .      Faith    .   c - +0 buckler
rNeg    . . .      Spirit   .   o - +0 chain mail
rPois   .          Reflect  .   (helmet restricted)
rElec   .          Harm     .   j - +0 cloak
rCorr   .          Rampage  .   (no gloves)
Will    .....                   (no boots)
Stlth   ..........              i - amulet of Qoraw {Acrobat +Inv Dex+4}
HPRegen 0.15/turn               t - ring "Satiegomn" {Str+6 Int+6}
MPRegen 0.09/turn               (no ring)

@: lethally poisoned (0 -> -4)
A: horns 2, retaliatory headbutt
a: Renounce Religion, Evoke Invisibility


You were on level 4 of the Dungeon.
You worshipped Trog.
Trog was noncommittal.
You visited 2 branches of the dungeon, and saw 5 of its levels.

You collected 237 gold pieces.

Inventory:

Hand Weapons
 a - a +0 war axe (weapon)
Armour
 b - a +0 scale mail
 c - a +0 buckler (worn)
 j - a +0 cloak (worn)
 o - a +0 chain mail (worn)
Jewellery
 h - a ring of protection from fire
 i - the amulet of Qoraw (around neck) {Acrobat +Inv Dex+4}
   (You acquired it on level 1 of the Dungeon)

   [amulet of the acrobat]

   It increases your evasion while moving and waiting.
   Dex:       It affects your dexterity (+4).
   +Inv:      It lets you turn invisible.
 t - the ring "Satiegomn" (left hand) {Str+6 Int+6}
   (You acquired it on level 3 of the Dungeon)

   [ring of strength]

   Str:       It affects your strength (+6).
   Int:       It affects your intelligence (+6).
 u - a ring of flight
 v - a +4 ring of evasion
 x - a ring of wizardry
 y - a ring of see invisible
Scrolls
 g - a scroll of torment {unknown}
 k - 5 scrolls of immolation {unknown}
 n - a scroll of amnesia {unknown}
 p - a scroll of enchant armour {unknown}
 q - a scroll of teleportation
 r - 3 scrolls of identify {unknown}
 s - a scroll of poison {unknown}
 w - a scroll of brand weapon {unknown}
 A - a scroll of noise {unknown}
 B - a scroll of fear {unknown}
Potions
 d - a potion of might
 e - 2 potions of resistance {unknown}
 f - 2 potions of lignification {unknown}
 l - 2 potions of curing {unknown}
 m - a potion of attraction {unknown}
 z - a potion of cancellation {unknown}


   Skills:
 + Level 4.3 Fighting
 + Level 5.1 Axes
 + Level 4.6 Armour
 * Level 2.1 Dodging
 + Level 4.3 Shields


You had 4 spell levels left.
You didn't know any spells.
Your spell library contained the following spells:

 Spells                   Type           Power      Damage    Failure   Level
 Shock                    Conj/Air       0%         1d3       94%         1
 Swiftness                Air            0%         N/A       100%        3
 Airstrike                Air            0%         2d(0-16)  100%        4


Dungeon Overview and Level Annotations

Branches:
Dungeon (4/15)             Temple (1/1) D:4

Altars:
Ashenzari
Cheibriados
Fedhas
Gozag
Hepliaklqana
Kikubaaqudgha
Makhleb
Okawaru
Ru
Sif Muna
Trog
Uskayaw
Vehumet
Wu Jian
Xom
Yredelemnul
Zin
The Shining One

Shops:
D:2 !

Annotations:
Temple 2 transporters


Innate Abilities, Weirdness & Mutations

You have a pair of horns on your head.
You reflexively headbutt those who attack you in melee.


Message History

There is a transporter here.
You enter the transporter and appear at another place.
Found a shimmering blue altar of Sif Muna.
There is a staircase back to the Dungeon here.
You climb upwards.
Welcome back to the Dungeon!
There is a staircase to the Ecumenical Temple here.
There is a fountain of clear blue water here.
You now have 237 gold pieces (gained 12).
Found a runed translucent door.
Crazy Yiuf shouts!
Crazy Yiuf flaps his cloak.
Key pressed, stopping explore.
You open the door. You barely miss Crazy Yiuf.
You headbutt Crazy Yiuf, but do no damage.
Crazy Yiuf hits you with a +3 quarterstaff of chaos.
Crazy Yiuf hits you with a +3 quarterstaff of chaos!
Crazy Yiuf freezes you.
You hit Crazy Yiuf but do no damage. You headbutt Crazy Yiuf.
Crazy Yiuf is moderately wounded.
Crazy Yiuf says, "Adder!"
Crazy Yiuf hits you but does no damage.
You are poisoned.
You closely miss Crazy Yiuf.
Crazy Yiuf is moderately wounded.
You feel very sick. Crazy Yiuf closely misses you.
You barely miss Crazy Yiuf. Your headbutt misses Crazy Yiuf.
Crazy Yiuf is moderately wounded.
You feel sick. You block Crazy Yiuf's attack.
You hit Crazy Yiuf but do no damage. You headbutt Crazy Yiuf!
Crazy Yiuf is severely wounded.
You feel sick. You block Crazy Yiuf's attack.
Crazy Yiuf hits you with a +3 quarterstaff of chaos!
You are electrocuted!
* * * LOW HITPOINT WARNING * * *
You closely miss Crazy Yiuf. You headbutt Crazy Yiuf.
You kill Crazy Yiuf!
Trog accepts your kill.
You die...

#####...###........#.......
#.......# #........#..8.8.8
#.###...# ##########...⌠.⌠.
#.# ##### #..8.>.8 #.#
#...⌠.⌠. ##.##♣♣♣♣♣
##.8.8.8 #......♣.♣♣♣ ###
#...... #.......♣..♣#...#
####### #......♣♣♣♣@)...#
##....♣♣ ♣♣#..)# ####♣♣ ###


There were no monsters in sight!

Vanquished Creatures
  A jelly (D:4)
  Crazy Yiuf (D:4)
  2 orc priests (D:4)
  6 adders
  2 worms
  3 dart slugs
  2 orcs (D:4)
  8 endoplasms
  A giant cockroach (D:2)
  5 goblins
  8 hobgoblins
  5 jackals
  3 kobolds
  A quokka (D:2)
  6 ball pythons
  8 bats
  4 frilled lizards
  4 rats
70 creatures vanquished.

Notes
Turn   | Place    | Note
-------+----------+-------------------------------------------
     0 | D:1      | GigaChad the Minotaur Fighter began the quest for the Orb.
     0 | D:1      | Reached XP level 1. HP: 19/19 MP: 0/0
   252 | D:1      | Found a faded altar of an unknown god.
   257 | D:1      | Reached XP level 2. HP: 26/27 MP: 1/1
   415 | D:1      | Identified a scroll of acquirement
   415 | D:1      | Acquired the amulet of Qoraw {Acrobat +Inv Dex+4}
   880 | D:2      | Reached XP level 3. HP: 31/33 MP: 2/2
   945 | D:2      | Reached skill level 3 in Axes
   968 | D:2      | Reached skill level 1 in Dodging
   988 | D:2      | Found Zeusig's Distillery.
  1216 | D:2      | Reached XP level 4. HP: 25/40 MP: 3/3
  1985 | D:3      | Reached skill level 4 in Axes
  2113 | D:3      | Acquired the ring "Satiegomn" {Str+6 Int+6}
  2539 | D:4      | Reached XP level 5. HP: 41/46 MP: 4/4
  2683 | D:4      | Reached skill level 5 in Axes
  2918 | D:4      | Found a staircase to the Ecumenical Temple.
  2981 | Temple   | Entered the Ecumenical Temple
  2981 | Temple   | Found a transporter.
  2981 | Temple   | Found a transporter.
  2983 | Temple   | Found a transporter.
  2983 | Temple   | Found a transporter.
  3003 | Temple   | Became a worshipper of Trog the Wrathful
  3091 | D:4      | Found a runed translucent door.
  3092 | D:4      | Noticed Crazy Yiuf
  3228 | D:4      | HP: 1/46 [Crazy Yiuf/+3 quarterstaff of chaos (15)]
  3229 | D:4      | Killed Crazy Yiuf
  3229 | D:4      | Succumbed to Crazy Yiuf's poison

Illustrated notes

Levels and vault maps discovered:
D:1:      dreamdust_arrival_beginning_and_end, layout_basic,
          ebering_ecumenical_altar_webs, serial_rivers,
          chequers_serial_rivers_micro_c, chequers_serial_rivers_large_a,
          chequers_serial_rivers_marsh, chequers_serial_rivers_micro_d,
          chequers_serial_rivers_marsh, minivault_26
D:2:      layout_basic, serial_shops, shop
D:3:      layout_basic
D:4:      layout_basic, minmay_temple_entry_statues_fountains,
          uniq_crazy_yiuf_cottage
Temple:   hellmonk_temple_divided_pantheon

Skill      XL: |  1  2  3  4  5 |
---------------+----------------+-----
Armour         | 4 |  4.6
Fighting       | 4 |  4.3
Shields        | 4 |  4.3
Axes           | 3 4 5 |  5.1
Dodging        | 1 2 |  2.1

Action                   |  1- 3 |  4- 6 || total
-------------------------+-------+-------++-------
Melee: War axe           |    65 |    71 ||   136
       Headbutt          |     6 |    11 ||    17
  Use: Scroll            |     1 |     2 ||     3
Armor: Scale mail        |    32 |     1 ||    33
       Chain mail        |       |    37 ||    37
Dodge: Dodged            |    56 |    60 ||   116
Block: Buckler           |    19 |    23 ||    42
